| TOP OF THE 1ST |
|
New York Mets batting - Pitching for Oakland Athletics : LHP Bobby M Jones
|
|
Pitching: LHP Bobby M Jones
|
|
|
Batting: LHB Cliff Floyd
|
0-0: Ground out 6-3 (Groundball, 6, EV 80.0 MPH)
|
|
Batting: RHB Magglio Ordonez
|
0-0: Ball 1-0: Fly out, F8 (Flyball, 8RD, EV 101.9 MPH)
|
|
Batting: RHB Gary Sheffield
|
0-0: Called Strike 0-1: Ball 1-1: Foul Ball, location: 2F 1-2: Foul Ball, location: 2F 1-2: Ball 2-2: Ground out 5-3 (Groundball, 56S, EV 82.5 MPH)
|
| Top of the 1st over - 0 runs, 0 hits, 0 errors, 0 left on base; New York 0 - Oakland 0 |
| BOTTOM OF THE 1ST |
|
Oakland Athletics batting - Pitching for New York Mets : RHP Frank Castillo
|
|
Pitching: RHP Frank Castillo
|
|
|
Batting: RHB Rickey Henderson
|
0-0: Called Strike 0-1: Ball 1-1: Ball 2-1: Foul Ball, location: 2F 2-2: Ground out 6-3 (Groundball, 6, EV 87.5 MPH)
|
|
Batting: SHB Geronimo Pena
|
0-0: Ball 1-0: Foul Ball, location: 2F 1-1: Called Strike 1-2: Foul Ball, location: 2F 1-2: Strikes out swinging
|
|
Batting: LHB John Olerud
|
0-0: Foul Ball, location: 2F 0-1: Swinging Strike 0-2: Ball 1-2: Strikes out swinging
|
| Bottom of the 1st over - 0 runs, 0 hits, 0 errors, 0 left on base; New York 0 - Oakland 0 |
| TOP OF THE 2ND |
|
New York Mets batting - Pitching for Oakland Athletics : LHP Bobby M Jones
|
|
Batting: RHB Sammy Sosa
|
0-0: Called Strike 0-1: Ball 1-1: Foul Ball, location: 2F 1-2: Strikes out looking
|
|
Batting: RHB Phil Nevin
|
0-0: Called Strike 0-1: Foul Ball, location: 2F 0-2: Ball 1-2: Strikes out swinging
|
|
Batting: RHB Greg Colbrunn
|
0-0: Called Strike 0-1: Fly out, F7 (Flyball, 78D, EV 97.5 MPH)
|
| Top of the 2nd over - 0 runs, 0 hits, 0 errors, 0 left on base; New York 0 - Oakland 0 |
| BOTTOM OF THE 2ND |
|
Oakland Athletics batting - Pitching for New York Mets : RHP Frank Castillo
|
|
Batting: RHB Herbert Perry
|
0-0: Called Strike 0-1: Ball 1-1: Ball 2-1: Called Strike 2-2: Ball 3-2: Base on Balls
|
|
Batting: LHB David Justice
|
0-0: Fly out, F9 (Flyball, 89M, EV 84.4 MPH)
|
|
Batting: RHB Jay Buhner
|
0-0: Called Strike 0-1: SINGLE (Line Drive, 3D, EV 106.3 MPH) Herbert Perry to second
|
|
Batting: RHB Benito Santiago
|
0-0: Called Strike 0-1: Called Strike 0-2: Ball 1-2: Strikes out swinging
|
|
Batting: SHB Chuck Carr
|
0-0: Ball 1-0: Called Strike 1-1: Foul Ball, location: 2F 1-2: Ground out 1-3 (Groundball, 34S, EV 78.1 MPH)
|
| Bottom of the 2nd over - 0 runs, 1 hit, 0 errors, 2 left on base; New York 0 - Oakland 0 |
| TOP OF THE 3RD |
|
New York Mets batting - Pitching for Oakland Athletics : LHP Bobby M Jones
|
|
Batting: RHB Bret Boone
|
0-0: Called Strike 0-1: Ball 1-1: Ball 2-1: SINGLE (Groundball, 6MD, EV 100.0 MPH)
|
|
Batting: RHB Cecil Fielder
|
0-0: Bunt - Flyout to 15S! F1
|
|
Batting: LHB B.J. Surhoff
|
0-0: Fielders Choice at 2nd, 4-6 (Groundball, 4M, EV 86.9 MPH)
|
|
Batting: LHB Cliff Floyd
|
0-0: Called Strike 0-1: Ball 1-1: Fly out, F7 (Flyball, 7LM, EV 105.6 MPH)
|
| Top of the 3rd over - 0 runs, 1 hit, 0 errors, 1 left on base; New York 0 - Oakland 0 |
| BOTTOM OF THE 3RD |
|
Oakland Athletics batting - Pitching for New York Mets : RHP Frank Castillo
|
|
Batting: RHB Benji Gil
|
0-0: Fly out, F7 (Flyball, 78XD, EV 93.1 MPH)
|
|
Batting: RHB Rickey Henderson
|
0-0: Swinging Strike 0-1: SOLO HOME RUN (Flyball, 9D, EV 93.8 MPH), Distance : 357 ft
|
|
Batting: SHB Geronimo Pena
|
0-0: Ball 1-0: Called Strike 1-1: Ground out U3 (Groundball, 3, EV 88.8 MPH)
|
|
Batting: LHB John Olerud
|
0-0: Foul Ball, location: 2F 0-1: Called Strike 0-2: Ball 1-2: Ball 2-2: Fly out, F9 (Line Drive, 9D, EV 107.5 MPH)
|
| Bottom of the 3rd over - 1 run, 1 hit, 0 errors, 0 left on base; New York 0 - Oakland 1 |
| TOP OF THE 4TH |
|
New York Mets batting - Pitching for Oakland Athletics : LHP Bobby M Jones
|
|
Batting: RHB Magglio Ordonez
|
0-0: Fly out, F9 (Flyball, 9D, EV 101.9 MPH)
|
|
Batting: RHB Gary Sheffield
|
0-0: Ball 1-0: Swinging Strike 1-1: Foul Ball, location: 2F 1-2: Ball 2-2: Ball 3-2: SOLO HOME RUN (Flyball, 9D, EV 114.4 MPH), Distance : 369 ft
|
|
Batting: RHB Sammy Sosa
|
0-0: Fly out, F7 (Flyball, 7S, EV 81.3 MPH)
|
|
Batting: RHB Phil Nevin
|
0-0: Ball 1-0: Fly out, F3 (Popup, 3F, EV 67.5 MPH)
|
| Top of the 4th over - 1 run, 1 hit, 0 errors, 0 left on base; New York 1 - Oakland 1 |
| BOTTOM OF THE 4TH |
|
Oakland Athletics batting - Pitching for New York Mets : RHP Frank Castillo
|
|
Batting: RHB Herbert Perry
|
0-0: Called Strike 0-1: Foul Ball, location: 2F 0-2: Foul Ball, location: 2F 0-2: Ball 1-2: Ball 2-2: Strikes out swinging
|
|
Batting: LHB David Justice
|
0-0: Foul Ball, location: 2F 0-1: Ground out 6-3 (Groundball, 6D, EV 101.3 MPH)
|
|
Batting: RHB Jay Buhner
|
0-0: Foul Ball, location: 2F 0-1: Foul Ball, location: 2F 0-2: Foul Ball, location: 2F 0-2: Ball 1-2: Ball 2-2: Foul Ball, location: 2F 2-2: Strikes out looking
|
| Bottom of the 4th over - 0 runs, 0 hits, 0 errors, 0 left on base; New York 1 - Oakland 1 |
| TOP OF THE 5TH |
|
New York Mets batting - Pitching for Oakland Athletics : LHP Bobby M Jones
|
|
Batting: RHB Greg Colbrunn
|
0-0: Ball 1-0: SINGLE (Groundball, 6MD, EV 100.6 MPH)
|
|
Batting: RHB Bret Boone
|
0-0: Sac Bunt to 15S - play at first, batter OUT! 1-3 Greg Colbrunn to second
|
|
Batting: RHB Cecil Fielder
|
0-0: Foul Ball, location: 2F 0-1: Ball 1-1: Ball 2-1: Ball 3-1: Base on Balls
|
|
Batting: LHB B.J. Surhoff
|
0-0: Ball 1-0: Foul Ball, location: 2F 1-1: Fly out, F9 (Flyball, 9LM, EV 103.1 MPH)
|
|
Batting: LHB Cliff Floyd
|
0-0: Called Strike 0-1: Ball 1-1: Foul Ball, location: 2F 1-2: Ball 2-2: Strikes out swinging
|
| Top of the 5th over - 0 runs, 1 hit, 0 errors, 2 left on base; New York 1 - Oakland 1 |
| BOTTOM OF THE 5TH |
|
Oakland Athletics batting - Pitching for New York Mets : RHP Frank Castillo
|
|
Batting: RHB Benito Santiago
|
0-0: Ground out U3 (Groundball, 34, EV 104.4 MPH)
|
|
Batting: SHB Chuck Carr
|
0-0: Ball 1-0: Fly out, F8 (Line Drive, 8RD, EV 87.5 MPH)
|
|
Batting: RHB Benji Gil
|
0-0: Foul Ball, location: 2F 0-1: Ball 1-1: Ball 2-1: Ball 3-1: Foul Ball, location: 2F 3-2: Strikes out swinging
|
| Bottom of the 5th over - 0 runs, 0 hits, 0 errors, 0 left on base; New York 1 - Oakland 1 |
| TOP OF THE 6TH |
|
New York Mets batting - Pitching for Oakland Athletics : LHP Bobby M Jones
|
|
Batting: RHB Magglio Ordonez
|
0-0: Called Strike 0-1: Called Strike 0-2: Foul Ball, location: 2F 0-2: Foul Ball, location: 2F 0-2: Fly out, F9 (Flyball, 9S, EV 89.4 MPH)
|
|
Batting: RHB Gary Sheffield
|
0-0: Ball 1-0: SOLO HOME RUN (Flyball, 7LD, EV 98.8 MPH), Distance : 340 ft
|
|
Batting: RHB Sammy Sosa
|
0-0: Ball 1-0: TRIPLE (Flyball, 89XD, EV 108.1 MPH)
|
|
Batting: RHB Phil Nevin
|
0-0: Ball 1-0: Fly out, F9 (Flyball, 9D, EV 85.0 MPH) Runner from 3rd tags up, SCORES, no throw by RF
|
|
Batting: RHB Greg Colbrunn
|
0-0: Ball 1-0: Ball 2-0: Ball 3-0: Called Strike 3-1: Called Strike 3-2: Foul Ball, location: 2F 3-2: Base on Balls
|
|
Batting: RHB Bret Boone
|
0-0: SINGLE (Line Drive, 56D, EV 95.0 MPH) Greg Colbrunn to second
|
|
Batting: RHB Cecil Fielder
|
0-0: Foul Ball, location: 2F 0-1: Ball 1-1: Ball Passed Ball! Greg Colbrunn to third Bret Boone to second 2-1: Ball 3-1: Base on Balls
|
|
Batting: LHB B.J. Surhoff
|
0-0: Ball 1-0: Ground out 6-3 (Groundball, 6, EV 99.4 MPH)
|
| Top of the 6th over - 2 runs, 3 hits, 0 errors, 3 left on base; New York 3 - Oakland 1 |
| BOTTOM OF THE 6TH |
|
Oakland Athletics batting - Pitching for New York Mets : RHP Frank Castillo
|
|
Batting: RHB Rickey Henderson
|
0-0: Foul Ball, location: 2F 0-1: Swinging Strike 0-2: Ball 1-2: Ball 2-2: Ball 3-2: Ground out 4-3 (Groundball, 4D, EV 107.5 MPH)
|
|
Batting: SHB Geronimo Pena
|
0-0: Called Strike 0-1: Called Strike 0-2: Fly out, F9 (Line Drive, 9, EV 93.8 MPH)
|
|
Batting: LHB John Olerud
|
0-0: Called Strike 0-1: Ball 1-1: Foul Ball, location: 2F 1-2: Ball 2-2: Ball 3-2: Fly out, F8 (Flyball, 8LD, EV 104.4 MPH)
|
| Bottom of the 6th over - 0 runs, 0 hits, 0 errors, 0 left on base; New York 3 - Oakland 1 |
| TOP OF THE 7TH |
|
New York Mets batting - Pitching for Oakland Athletics : LHP Bobby M Jones
|
|
Batting: LHB Cliff Floyd
|
0-0: Called Strike 0-1: Foul Ball, location: 2F 0-2: Strikes out looking
|
|
Batting: RHB Magglio Ordonez
|
0-0: Ball 1-0: Fly out, F9 (Flyball, 9LM, EV 97.5 MPH)
|
|
Batting: RHB Gary Sheffield
|
0-0: Ball 1-0: Foul Ball, location: 2F 1-1: Ball 2-1: Foul Ball, location: 2F 2-2: SINGLE (Flyball, 8RS, EV 89.4 MPH)
|
|
Batting: RHB Sammy Sosa
|
0-0: Called Strike 0-1: Ball 1-1: Called Strike 1-2: SINGLE (Groundball, 4D, EV 105.6 MPH) Gary Sheffield to second Runner from 2nd tries for 3rd, SAFE, throw by CF made to third
|
|
Batting: RHB Phil Nevin
|
0-0: Ball 1-0: Foul Ball, location: 2F 1-1: Ball 2-1: Ball 3-1: Foul Ball, location: 2F 3-2: Strikes out swinging
|
| Top of the 7th over - 0 runs, 2 hits, 0 errors, 2 left on base; New York 3 - Oakland 1 |
| BOTTOM OF THE 7TH |
|
Oakland Athletics batting - Pitching for New York Mets : RHP Frank Castillo
|
|
Batting: RHB Herbert Perry
|
0-0: Fly out, F9 (Flyball, 89D, EV 104.4 MPH)
|
|
Batting: LHB David Justice
|
0-0: Called Strike 0-1: Fly out, F7 (Flyball, 7, EV 82.5 MPH)
|
|
Batting: RHB Jay Buhner
|
0-0: Ground out 4-3 (Groundball, 4S, EV 80.0 MPH)
|
| Bottom of the 7th over - 0 runs, 0 hits, 0 errors, 0 left on base; New York 3 - Oakland 1 |
| TOP OF THE 8TH |
|
New York Mets batting - Pitching for Oakland Athletics : LHP Bobby M Jones
|
|
Batting: RHB Greg Colbrunn
|
0-0: Fly out, F8 (Line Drive, 8RD, EV 88.8 MPH)
|
|
Batting: RHB Bret Boone
|
0-0: Called Strike 0-1: Ball 1-1: Ball 2-1: Fly out, F9 (Flyball, 89S, EV 98.1 MPH)
|
|
Batting: RHB Cecil Fielder
|
0-0: Called Strike 0-1: Foul Ball, location: 2F 0-2: Ball 1-2: SINGLE (Line Drive, 9LS, EV 99.4 MPH)
|
|
Batting: LHB B.J. Surhoff
|
0-0: Called Strike 0-1: Swinging Strike 0-2: Ball 1-2: Strikes out swinging
|
| Top of the 8th over - 0 runs, 1 hit, 0 errors, 1 left on base; New York 3 - Oakland 1 |
| BOTTOM OF THE 8TH |
|
Oakland Athletics batting - Pitching for New York Mets : RHP Frank Castillo
|
|
Batting: RHB Benito Santiago
|
0-0: Ball 1-0: Swinging Strike 1-1: Foul Ball, location: 2F 1-2: Ball 2-2: Ground out 5-3 (Groundball, 56S, EV 84.4 MPH)
|
|
Batting: SHB Chuck Carr
|
0-0: Ball 1-0: Ball 2-0: Ball 3-0: Called Strike 3-1: Foul Ball, location: 2F 3-2: Foul Ball, location: 2F 3-2: Base on Balls
|
|
Batting: RHB Benji Gil
|
0-0: Called Strike 0-1: Swinging Strike 0-2: Foul Ball, location: 2F 0-2: Ball 1-2: Strikes out swinging
|
|
Batting: RHB Rickey Henderson
|
0-0: Swinging Strike 0-1: Ball 1-1: Foul Ball, location: 2F 1-2: Ball 2-2: Ball Pickoff Throw to First - Error! E1 Chuck Carr to second 3-2: Foul Ball, location: 2F 3-2: Ground out 5-3 (Groundball, 56S, EV 82.5 MPH)
|
| Bottom of the 8th over - 0 runs, 0 hits, 1 error, 1 left on base; New York 3 - Oakland 1 |
| TOP OF THE 9TH |
|
New York Mets batting - Pitching for Oakland Athletics : LHP Bobby M Jones
|
|
Batting: LHB Cliff Floyd
|
0-0: Ball 1-0: Fly out, F6 (Popup, 6MS, EV 83.1 MPH)
|
|
Batting: RHB Magglio Ordonez
|
0-0: Called Strike 0-1: Ball 1-1: Foul Ball, location: 2F 1-2: Ball 2-2: Ball 3-2: Base on Balls
|
|
Pitching: RHP Jason Bere
|
|
|
Batting: RHB Gary Sheffield
|
0-0: Called Strike 0-1: Foul Ball, location: 2F 0-2: Ball 1-2: Ball 2-2: Ball 3-2: Grounds into double play, 4-6-3 (Groundball, 4M, EV 105.6 MPH)
|
| Top of the 9th over - 0 runs, 0 hits, 0 errors, 0 left on base; New York 3 - Oakland 1 |
| BOTTOM OF THE 9TH |
|
Oakland Athletics batting - Pitching for New York Mets : RHP Frank Castillo
|
|
Pitching: RHP Takehiro Ishii
|
|
|
Batting: SHB Geronimo Pena
|
0-0: Foul Ball, location: 2F 0-1: Ground out 4-3 (Groundball, 4, EV 88.1 MPH)
|
|
Batting: LHB John Olerud
|
0-0: Called Strike 0-1: Foul Ball, location: 2F 0-2: Ball 1-2: Foul Ball, location: 2F 1-2: Ball 2-2: Strikes out looking
|
|
Batting: RHB Herbert Perry
|
0-0: Foul Ball, location: 2F 0-1: Ball 1-1: Fly out, F6 (Popup, 6, EV 73.8 MPH)
|
| Bottom of the 9th over - 0 runs, 0 hits, 0 errors, 0 left on base; New York 3 - Oakland 1 |
|